 Dungeon Crawl Stone Soup version 0.32-a0-685-g93135e86f0 (webtiles) character file.

Game seed: 15739698581680596405

60555 porpoise the Marksminotaur (level 14, -9/126 HPs)
             Began as a Minotaur Hunter on Mar 13, 2024.
             Was a High Priest of Hepliaklqana.
             Mangled by Rupert
             ... wielding a +3 executioner's axe of flaming
              (14 damage)
             ... on level 12 of the Dungeon.
             The game lasted 01:08:34 (21402 turns).

porpoise the Marksminotaur (Minotaur Hunter)       Turns: 21402, Time: 01:08:37

Health: -9/126     AC: 25    Str: 15    XL:     14   Next: 57%
Magic:  20/20      EV: 17    Int:  6    God:    Hepliaklqana [*****.]
Gold:   1087       SH:  0    Dex: 20    Spells: 9/13 levels left

rFire   . . .        a - +0 orcbow (freeze)
rCold   + . .        (shield currently unavailable)
rNeg    . . .        G - +0 acid dragon scales
rPois   +            (helmet restricted)
rElec   .            B - +5 cloak of the Pirate {rPois rC+}
rCorr   +            A - +1 pair of gloves
SInv    .            r - +2 pair of boots {rampage}
Will    ++...        (no amulet)
Stlth   ++           N - +4 ring of protection
HPRegen 0.41/turn    K - ring of willpower
MPRegen 0.17/turn

%: rampage
@: hasted, very quick
A: reduced essence, horns 2, retaliatory headbutt, mutation resistance 1
a: Renounce Religion, Recall Ancestor, Ancestor Identity, Transference, Idealise


You were on level 12 of the Dungeon.
You worshipped Hepliaklqana.
Hepliaklqana was extremely pleased with you.
You visited 3 branches of the dungeon, and saw 18 of its levels.

You collected 1087 gold pieces.

Inventory:

Hand Weapons
 a - a +0 orcbow of freezing (weapon)
 b - a +0 arbalest
 l - a +1 orcbow
Missiles
 v - 3 curare-tipped darts
 y - a throwing net
Armour
 c - a +0 troll leather armour
 r - a +2 pair of boots of rampaging (worn)
 A - a +1 pair of gloves (worn)
 B - the +5 cloak of the Pirate (worn) {rPois rC+}
   (You acquired it on level 7 of the Dungeon)

   rC+:       It protects you from cold.
   rPois:     It protects you from poison.
 G - +0 acid dragon scales (worn)
Jewellery
 K - a ring of willpower (right hand)
 M - a ring of see invisible
 N - a +4 ring of protection (left hand)
 O - the ring "Uqyh" {rPois rF+ Int+4 Dex+2}
   (You found it on level 5 of the Lair of Beasts)

   [ring of poison resistance]

   Int+4:     It affects your intelligence (+4).
   Dex+2:     It affects your dexterity (+2).
   rF+:       It protects you from fire.
   rPois:     It protects you from poison.
Wands
 s - a wand of paralysis (12)
 x - a wand of mindburst (9)
 z - a wand of flame (39)
 E - a wand of iceblast (3)
Scrolls
 f - 2 scrolls of revelation
 g - a scroll of blinking
 i - a scroll of identify
 m - 6 scrolls of teleportation
 p - a scroll of butterflies
 D - a scroll of silence
 F - 3 scrolls of poison
 I - a scroll of fog
 L - a scroll of vulnerability
Potions
 e - 14 potions of curing
 h - a potion of resistance
 j - 2 potions of haste
 k - a potion of heal wounds
 o - a potion of ambrosia
 q - 4 potions of lignification
 t - a potion of might
Miscellaneous
 d - a lightning rod (4/4)


   Skills:
 + Level 17.3 Fighting
 - Level 18.0 Ranged Weapons
 + Level 11.5 Armour
 - Level 9.0 Dodging
 - Level 0.7 Stealth
 + Level 10.2 Invocations
 - Level 5.0 Evocations


You had 9 spell levels left.
You knew the following spells:

 Your Spells              Type           Power      Damage    Failure   Level
a - Dimensional Bullseye  Hex/Tloc       0%         N/A       99%         4

Your spell library contained the following spells:

 Spells                   Type           Power      Damage    Failure   Level
 Kiss of Death            Conj/Necr      0%         2d5       54%         1
 Summon Small Mammal      Summ           0%         N/A       54%         1
 Mercury Vapours          Alch/Air       0%         N/A       67%         2
 Call Canine Familiar     Summ           0%         N/A       88%         3
 Confusing Touch          Hex            0%         N/A       88%         3
 Fugue of the Fallen      Necr           0%         N/A       88%         3
 Ozocubu's Armour         Ice            0%         N/A       88%         3
 Sigil of Binding         Hex            0%         N/A       88%         3
 Animate Armour           Summ/Erth      0%         N/A       99%         4
 Dispel Undead            Necr           0%         3d6       99%         4
 Flame Wave               Conj/Fire      0%         2d4       99%         4
 Manifold Assault         Tloc           0%         N/A       99%         4
 Summon Blazeheart Golem  Fire/Summ      0%         N/A       99%         4
 Summon Lightning Spire   Summ/Air       0%         N/A       99%         4
 Lee's Rapid Deconstruct  Erth           0%         3d4*      100%        5
 Bombard                  Conj/Erth      0%         9d1       100%        6
 Death Channel            Necr           0%         N/A       100%        6
 Plasma Beam              Fire/Air       0%         2x1d10    100%        6
 Sculpt Simulacrum        Ice/Alch       0%         N/A       100%        6
 Chain Lightning          Conj/Air       0%         N/A       100%        9
 Fire Storm               Conj/Fire      0%         5d1       100%        9
 Shatter                  Erth           0%         3d5*      100%        9


Dungeon Overview and Level Annotations

Branches:
Dungeon (12/15)            Temple (1/1) D:7            Lair (5/5) D:8
 Shoals (0/4) Lair:2        Snake (0/4) Lair:2        Slime (0/5) Lair:4
    Orc (0/2) D:10

Altars:
Ashenzari
Cheibriados
Dithmenos
Elyvilon
Fedhas
Gozag
Hepliaklqana
Kikubaaqudgha
Makhleb
Nemelex Xobeh
Okawaru
Qazlal
Ru
Sif Muna
Trog
Uskayaw
Vehumet
Wu Jian
Xom
Yredelemnul
Zin
The Shining One
Jiyva

Shops:
D:3 (

Annotations:
D:7 1 runed translucent door, DeathSocks's ghost, novice BaIE
D:12 Rupert


Innate Abilities, Weirdness & Mutations

Your life essence is reduced to manifest your ancestor. (-10% HP)
You have a pair of horns on your head.
You reflexively headbutt those who attack you in melee.
You are somewhat resistant to further mutation.


Message History

Rupert burns you.
You are too injured to fight recklessly!
You shoot an arrow. The arrow hits Rupert.
The arrow freezes Rupert.
Rupert is severely wounded.
Rupert misses you. You furiously retaliate!
You headbutt Rupert. You shoot an arrow. The arrow hits Rupert!
The arrow freezes Rupert.
Rupert is severely wounded.
You shoot an arrow. The arrow hits Rupert.
The arrow freezes Rupert.
Rupert is severely wounded.
Rupert hits you with a +3 executioner's axe of flaming!
Rupert burns you.
* * * LOW HITPOINT WARNING * * *
You shoot an arrow.
The arrow hits Rupert but does no damage.
Rupert is severely wounded.
Rupert misses you. You furiously retaliate!
You headbutt Rupert! You shoot an arrow. The arrow closely misses Rupert.
Rupert hits you with a +3 executioner's axe of flaming.
* * * LOW HITPOINT WARNING * * *
Rupert burns you.
* * * LOW HITPOINT WARNING * * *
You shoot an arrow. The arrow barely misses Rupert.
You shoot an arrow. The arrow hits Rupert!
The arrow freezes Rupert.
Rupert is almost dead.
Rupert closely misses you.
You shoot an arrow.
The arrow hits Rupert but does no damage.
Rupert is almost dead.
Rupert barely misses you.
You shoot an arrow.
The arrow hits Rupert but does no damage.
Rupert is almost dead.
Rupert completely misses you. You furiously retaliate!
You headbutt Rupert! You shoot an arrow. The arrow barely misses Rupert.
Rupert hits you with a +3 executioner's axe of flaming!!
* * * LOW HITPOINT WARNING * * *
Rupert burns you!
You die...
Rupert roars with triumph.
Hepliaklqana delivers you to your ancestors.

####### ......#
#####'###### ######+##
...........#####@@.....#
....)......'..##.###.#.#
...........##.##.#
...........##.##.#
...........##.##.#
.))........##..'.###
##)#############.<.#
#.))..### ##'##
#####...# #..##


You could see Rupert (berserk).

Vanquished Creatures
  Gastronok (Lair:1)
  Josephine (D:10)
  3 hydras
  3 boulder beetles
  3 catoblepae (Lair:5)
  A centaur warrior (D:12)
  4 death yaks (Lair:5)
  A two-headed ogre (D:8)
  Urug (Lair:3)
  A skyshark (Lair:3)
  A cyclops (D:11)
  8 elephants
  3 manticores
  A salamander (Lair:2)
  A black mamba (Lair:1)
  3 slime creatures (D:12)
  A torpor snail (Lair:2)
  A gargoyle (D:12)
  11 cane toads
  Jeremiah (D:8)
  4 rime drakes
  9 komodo dragons
  2 trolls
  2 polar bears
  A hornet (D:11)
  15 blink frogs
  12 dream sheep
  A shadow (D:9)
  6 wyverns
  5 wraiths
  58 yaks
  4 basilisks
  3 vampire mosquitoes (D:11)
  2 acid dragons (D:9)
  14 water moccasins
  A swamp drake (D:10)
  5 orc warriors
  2 sky beasts
  An ice beast (D:6)
  A black bear (D:4)
  10 wolves
  12 centaurs
  A kobold brigand (D:7)
  A phantom (D:6)
  11 bullfrogs
  2 gnoll sergeants
  3 scorpions
  2 wights (D:9)
  3 howler monkeys
  2 lava snakes (Lair:2)
  2 bombardier beetles
  A gnoll bouda (D:6)
  9 jellies
  5 hounds
  11 orc priests
  Jessica (D:3)
  3 sleepcaps
  10 orc wizards
  7 adders
  19 gnolls
  3 shadow imps
  A white imp (D:4)
  2 ufetubi (D:5)
  A ribbon worm (D:4)
  4 dart slugs
  51 orcs
  7 endoplasms
  A giant cockroach (D:2)
  2 goblins (D:1)
  8 hobgoblins
  5 quokkas
  3 ball pythons
  4 frilled lizards
  6 kobolds
  7 rats
418 creatures vanquished.

Vanquished Creatures (collateral kills)
  Snorg (Lair:4)
  A hydra (Lair:5)
  2 catoblepae (Lair:5)
  A two-headed ogre (D:12)
  A death yak (Lair:5)
  A skyshark (Lair:4)
  A manticore (Lair:5)
  8 elephants
  A cane toad (Lair:5)
  4 komodo dragons
  A troll (D:11)
  2 dream sheep (Lair:5)
  A blink frog (Lair:4)
  A wraith (D:10)
  11 yaks
  2 water moccasins
  An orc warrior (D:10)
  3 centaurs
  A wolf (Lair:4)
  A bullfrog (Lair:1)
  A wight (D:9)
  A lava snake (Lair:2)
  An orc priest (D:10)
  An orc (D:10)
  2 endoplasms (Lair:4)
51 creatures vanquished.

Vanquished Creatures (others)
  3 ancestors
  11 knights
  A gnoll (D:10)
15 creatures vanquished.

Grand Total: 484 creatures vanquished

Notes
Turn   | Place    | Note
-------+----------+-------------------------------------------
     0 | D:1      | porpoise the Minotaur Hunter began the quest for the Orb.
     0 | D:1      | Reached XP level 1. HP: 18/18 MP: 0/0
   202 | D:1      | Reached XP level 2. HP: 25/25 MP: 1/1
   337 | D:1      | Reached skill level 1 in Armour
   679 | D:2      | Reached skill level 5 in Ranged Weapons
   682 | D:2      | Reached XP level 3. HP: 12/30 MP: 2/2
  1464 | D:2      | Reached XP level 4. HP: 32/38 MP: 3/3
  1610 | D:3      | Noticed Jessica
  1617 | D:3      | Killed Jessica
  1948 | D:3      | Found a white marble altar of Elyvilon.
  2059 | D:3      | Found Xoci Coa's Weapon Shoppe.
  2127 | D:4      | Reached XP level 5. HP: 21/46 MP: 4/4
  2278 | D:4      | Reached skill level 6 in Ranged Weapons
  2318 | D:4      | Found an ancient bone altar of Kikubaaqudgha.
  2456 | D:4      | Reached XP level 6. HP: 51/53 MP: 5/5
  2955 | D:4      | Reached skill level 7 in Ranged Weapons
  3014 | D:4      | HP: 2/55 [orc priest/+0 great sword (3)]
  3084 | D:4      | Reached skill level 5 in Fighting
  3084 | D:4      | Reached XP level 7. HP: 22/61 MP: 6/6
  3856 | D:5      | Entered Level 5 of the Dungeon
  3865 | D:5      | Found a broken altar of Ashenzari.
  4038 | D:5      | Reached skill level 8 in Ranged Weapons
  4160 | D:5      | Reached skill level 5 in Armour
  4414 | D:5      | Reached XP level 8. HP: 60/70 MP: 7/7
  5415 | D:6      | Reached skill level 9 in Ranged Weapons
  6022 | D:6      | Reached skill level 10 in Ranged Weapons
  6354 | D:6      | Found a shimmering altar of Xom.
  6362 | D:6      | Found a glowing silver altar of Zin.
  6366 | D:6      | Found a shimmering blue altar of Sif Muna.
  6564 | D:7      | Found a runed translucent door.
  6565 | D:7      | Noticed DeathSocks's ghost (novice BaIE)
  6693 | D:7      | Reached XP level 9. HP: 68/79 MP: 8/8
  6795 | D:7      | Found a staircase to the Ecumenical Temple.
  6804 | Temple   | Entered the Ecumenical Temple
  6813 | Temple   | Became a worshipper of Hepliaklqana the Forgotten
  6966 | D:7      | Identified 2 scrolls of acquirement
  6966 | D:7      | Acquired the +5 cloak of the Pirate {rPois rC+}
  7077 | D:7      | Acquired a manual of Fighting
  7131 | D:7      | Found a glowing golden altar of the Shining One.
  7404 | D:7      | Reached skill level 1 in Invocations
  7634 | D:8      | Found a staircase to the Lair.
  7658 | D:8      | HP: 3/82 [yak (10)]
  7660 | D:8      | Reached skill level 11 in Ranged Weapons
  8254 | D:8      | Reached XP level 10. HP: 86/92 MP: 11/11
  8331 | D:8      | Noticed Jeremiah
  8368 | D:8      | Killed Jeremiah
  8597 | D:8      | Reached skill level 10 in Fighting
  8616 | D:8      | Noticed a two-headed ogre
  8623 | D:8      | Killed a two-headed ogre
  8624 | D:8      | Reached skill level 12 in Ranged Weapons
  8631 | D:8      | Found a snail-covered altar of Cheibriados.
  9085 | D:9      | Reached * piety under Hepliaklqana
  9169 | D:9      | Got the Atlas of the Vehement Brume
 10528 | D:10     | Entered Level 10 of the Dungeon
 10681 | D:10     | Learned a level 4 spell: Dimensional Bullseye
 10783 | D:10     | Reached skill level 13 in Ranged Weapons
 10783 | D:10     | Reached skill level 5 in Invocations
 11040 | D:10     | Reached ** piety under Hepliaklqana
 11041 | D:10     | Remembered your ancestor Nikki as a knight
 11291 | D:10     | Found a basalt altar of Yredelemnul.
 11448 | D:10     | Reached XP level 11. HP: 81/93 MP: 14/14
 11507 | D:10     | Noticed Josephine
 11519 | D:10     | Killed Josephine
 11934 | D:10     | Found a staircase to the Orcish Mines.
 12098 | Lair:1   | Entered Level 1 of the Lair of Beasts
 12121 | Lair:1   | Reached skill level 14 in Ranged Weapons
 12633 | Lair:1   | Noticed Gastronok
 12650 | Lair:1   | Killed Gastronok
 12845 | Lair:1   | Reached *** piety under Hepliaklqana
 13257 | Lair:2   | Reached skill level 1 in Evocations
 13306 | Lair:1   | Reached skill level 15 in Ranged Weapons
 13465 | Lair:2   | Reached XP level 12. HP: 105/105 MP: 16/16
 13631 | Lair:2   | Reached skill level 5 in Dodging
 13790 | Lair:2   | Noticed an eight-headed hydra
 13798 | Lair:2   | Killed an eight-headed hydra
 13873 | Lair:2   | Found a staircase to the Snake Pit.
 14302 | Lair:2   | Found a staircase to the Shoals.
 14324 | Lair:2   | Reached skill level 16 in Ranged Weapons
 15081 | Lair:3   | Noticed a five-headed hydra
 15089 | Lair:3   | Killed a five-headed hydra
 15517 | Lair:3   | Reached **** piety under Hepliaklqana
 15583 | Lair:3   | Noticed Snorg
 15685 | Lair:3   | Noticed Urug
 15689 | Lair:3   | Reached skill level 5 in Evocations
 15695 | Lair:3   | Killed Urug
 15696 | Lair:3   | Reached XP level 13. HP: 79/111 MP: 17/17
 15704 | Lair:3   | Reached skill level 17 in Ranged Weapons
 16997 | Lair:4   | Found a viscous altar of Jiyva.
 16997 | Lair:4   | Found a staircase to the Slime Pits.
 17627 | Lair:4   | Killed Snorg
 18009 | Lair:5   | Entered Level 5 of the Lair of Beasts
 18010 | Lair:5   | Gained mutation: You are occasionally teleported next to
                  | monsters. [potion of mutation]
 18010 | Lair:5   | Gained mutation: You are somewhat resistant to further
                  | mutation. [potion of mutation]
 18011 | Lair:5   | Lost mutation: You are occasionally teleported next to
                  | monsters. [potion of mutation]
 18011 | Lair:5   | Lost mutation: You are somewhat resistant to further
                  | mutation. [potion of mutation]
 18011 | Lair:5   | Gained mutation: You are somewhat resistant to further
                  | mutation. [potion of mutation]
 18035 | Lair:5   | Reached skill level 15 in Fighting
 18262 | Lair:5   | Reached skill level 18 in Ranged Weapons
 18833 | Lair:5   | Reached XP level 14. HP: 51/124 MP: 19/19
 18868 | Lair:5   | Reached skill level 10 in Armour
 19841 | Lair:5   | Identified the ring "Uqyh" {rPois rF+ Int+4 Dex+2}
 20393 | D:11     | Reached ***** piety under Hepliaklqana
 20827 | D:11     | Reached skill level 10 in Invocations
 21373 | D:12     | Noticed Rupert
 21402 | D:12     | HP: 5/126 [Rupert/+3 executioner's axe of flaming (31)]
 21402 | D:12     | Mangled by Rupert

Illustrated notes

Levels and vault maps discovered:
D:1:      amcnicky_arrival_choice, layout_loops_ring
D:2:      layout_loops_cross
D:3:      layout_rooms, mainiacjoe_overflow_alcove_1, serial_shops,
          nicolae_shop_advertising_works [nicolae_subvault_shop_adworks],
          chequers_serial_rivers_small_a, glass_columns_a, chequers_arboretum,
          uniq_jessica
D:4:      layout_layer_cave, lemuel_doored_altar,
          serial_library_regret_index_headful
D:5:      layout_cave_pods, mainiacjoe_overflow_brackets
D:6:      layout_basic, minitemple, chequers_serial_rivers_micro_a
D:7:      layout_loops_ring, old_standard_altar, minmay_temple_entry_waves,
          gammafunk_ghost_grave, sigmund_army
D:8:      layout_loops_ring, kennysheep_slug_shrine, minmay_lair_entry_grove,
          uniq_jeremiah
D:9:      layout_layer_cave, minmay_misc_feat_tiny, kennysheep_generic_room_4
D:10:     layout_small_grid, mainiacjoe_overflow_alcove_2, erik_orc_1,
          uniq_josephine
D:11:     layout_irregular_city
D:12:     layout_roguey, special_room [special_room_orc], uniq_jorgrun,
          uniq_rupert
Temple:   dshaligram_water_room_temple
Lair:1:   layout_regular_city, grunt_megastairs_4, lemuel_fruit_fields,
          uniq_gastronok
Lair:2:   nzn_winding_woodlands_three_and_one
          [nzn_winding_woodlands_5x15_default,
          nzn_winding_woodlands_5x15_garden, nzn_winding_woodlands_5x15_parted,
          nzn_winding_woodlands_center_diamonds], layout_regular_city,
          minmay_shoals_entry_beasts, nicolae_snake_entry_warm_welcome,
          grunt_megastairs_2, infiniplex_staircase_pool, serial_bayou_shore_b
Lair:3:   layout_chaotic_city, uniq_urug, uniq_snorg
Lair:4:   layout_cave_pods, nicolae_slime_entry_slimehenge, serial_bayou_shore_a
Lair:5:   evilmike_catoblepas_cave, layout_long_grid, lemuel_fruit_tree,
          infiniplex_staircase_pool_2

Skill      XL: |  1  2  3  4  5  6  7  8  9 10 11 12 13 14 |
---------------+-------------------------------------------+-----
Armour         | 1 2 3 4 5 6 8 9 11 | 11.5
Ranged Weapons | 5 6 7 8 10 11 13 15 16 18 | 18.0
Fighting       | 3 4 5 6 7 9 12 14 16 17 | 17.3
Invocations    | 3 5 7 8 10 | 10.2
Dodging        | 4 7 9 |  9.0
Evocations     | 1 5 |  5.0
Stealth        | |  0.7

Action                     |  1- 3 |  4- 6 |  7- 9 | 10-12 | 13-15 || total
---------------------------+-------+-------+-------+-------+-------++-------
   Fire: Shortbow          |   107 |   173 |   382 |       |       ||   662
         Orcbow            |       |       |    66 |   794 |   385 ||  1245
         Arbalest          |       |       |       |       |   314 ||   314
 Invoke: Ancestor Life: Kn |       |       |       |     1 |       ||     1
         Ancestor Identity |       |       |       |     1 |       ||     1
         Recall Ancestor   |       |       |       |     3 |     1 ||     4
  Evoke: Lightning rod     |       |       |       |     4 |       ||     4
    Use: Scroll            |       |     7 |    12 |     8 |     5 ||    32
         Potion            |       |     1 |     3 |     1 |     4 ||     9
 Armour: Leather armour    |    19 |       |       |       |       ||    19
         Ring mail         |     7 |       |    44 |     7 |       ||    58
         Scale mail        |     4 |    64 |   156 |       |       ||   224
         Acid dragon scale |       |       |       |   208 |   149 ||   357
  Dodge: Dodged            |    25 |    42 |   155 |   179 |   190 ||   591

Table legend: (Time is in decaauts)
 A = Elapsed time spent in this place.
 B = Non-inter-level travel time spent in this place.
 C = Inter-level travel time spent in this place.
 D = Time resting spent in this place.
 E = Time spent auto-exploring this place.
 F = Levels seen in this place.
 G = Mean time per level.
                   A        B        C        D        E       F      G
               +--------+--------+--------+--------+--------+-----+--------+
         Total |  21298 |  20247 |   1051 |   6196 |  10437 |  18 | 1183.2 |
       Dungeon |  13312 |  12714 |    598 |   3324 |   7259 |  12 | 1109.3 |
        Temple |     18 |      9 |      9 |      0 |      0 |   1 |   18.0 |
          Lair |   7968 |   7525 |    443 |   2871 |   3178 |   5 | 1593.6 |
               +--------+--------+--------+--------+--------+-----+--------+

Top non-repeatable levels by time:
  Lair:5: 1959 daAuts
  Lair:3: 1875 daAuts
     D:4: 1658 daAuts
     D:8: 1588 daAuts
     D:9: 1575 daAuts
     D:5: 1553 daAuts
  Lair:2: 1527 daAuts
    D:10: 1506 daAuts
  Lair:1: 1396 daAuts
  Lair:4: 1209 daAuts
     D:6: 1145 daAuts
     D:2: 1004 daAuts
     D:7: 956 daAuts
    D:11: 705 daAuts
     D:3: 663 daAuts
